 Dungeon Crawl Stone Soup version 0.28.0-43-g3370ac3207 (webtiles) character file.

Game seed: 16819434023332095641

46 terff the Covered (level 3, -2/29 HPs)
             Began as a Human Fighter on Mar 30, 2022.
             Slain by an adder (4 damage)
             ... on level 2 of the Dungeon.
             The game lasted 00:04:16 (1772 turns).

terff the Covered (Human Fighter)                   Turns: 1772, Time: 00:04:17

Health: -2/29      AC: 12    Str: 18    XL:     3   Next: 92%
Magic:  3/3        EV:  6    Int: 14    God:
Gold:   73         SH:  4    Dex: 12    Spells: 2/2 levels left

rFire   + . .      SeeInvis .   a - +0 flail
rCold   . . .      Faith    .   c - +0 buckler
rNeg    . . .      Spirit   .   g - +0 chain mail
rPois   .          Reflect  .   m - +0 helmet
rElec   .          Harm     .   (no cloak)
rCorr   .          Rampage  .   f - +0 pair of gloves
Will    .....                   j - +0 pair of boots
Stlth   ..........              (no amulet)
HPRegen 0.09/turn               h - ring of protection from fire
MPRegen 0.08/turn               k - +6 ring of intelligence

@: mighty
A: no striking features
a: no special abilities


You were on level 2 of the Dungeon.
You visited 1 branch of the dungeon, and saw 2 of its levels.

You collected 73 gold pieces.

Inventory:

Hand Weapons
 a - a +0 flail (weapon)
Armour
 b - a +0 scale mail
 c - a +0 buckler (worn)
 f - a +0 pair of gloves (worn)
 g - a +0 chain mail (worn)
 j - a +0 pair of boots (worn)
 m - a +0 helmet (worn)
Jewellery
 h - a ring of protection from fire (left hand)
 k - a +6 ring of intelligence (right hand)
Scrolls
 i - a scroll of identify {unknown}
 l - a scroll of brand weapon {unknown}
Potions
 e - 2 potions of curing {unknown}


   Skills:
 + Level 3.3 Fighting
 + Level 2.5 Maces & Flails
 + Level 3.5 Armour
 + Level 0.1 Dodging
 + Level 3.3 Shields


You had 2 spell levels left.
You didn't know any spells.
Your spell library was empty.

Dungeon Overview and Level Annotations

Branches:
Dungeon (2/15)

Altars:

Shops:
D:2 *([=


Message History

You feel sick. The adder bites you.
* * * LOW HITPOINT WARNING * * *
The adder bites you but does no damage.
* * * LOW HITPOINT WARNING * * *
You feel sick.
* * * LOW HITPOINT WARNING * * *
You feel sick.
You closely miss the adder.
The adder is moderately wounded.
* * * LOW HITPOINT WARNING * * *
You feel sick.
You are no longer poisoned.
The adder bites you but does no damage. x2
You feel very mighty all of a sudden. The adder bites you but does no damage.
You barely miss the adder.
The adder is moderately wounded.
The adder bites you but does no damage. You block the adder's attack.
You miss the adder.
The adder is moderately wounded.
The adder closely misses you. The adder bites you but does no damage.
You closely miss the adder.
The adder is moderately wounded.
The adder bites you but does no damage.
You closely miss the adder.
The adder is moderately wounded.
The adder bites you but does no damage. x2
You barely miss the adder.
The adder is moderately wounded.
The adder bites you but does no damage. You block the adder's attack.
You miss the adder.
The adder is moderately wounded.
The adder bites you but does no damage. You block the adder's attack.
You miss the adder.
The adder is moderately wounded.
You block the adder's attack.
You miss the adder.
The adder is moderately wounded.
The adder bites you.
You die...

#.......# #.......#
#.......# ###.......#
#.........#
#.........#
#.........#
#.........#####
#@....#.......####
####S....#...........
#>.......+...........
#.##....##.......÷...
# #....##.......÷...
#....##........###
#....##........#
#....#######+#[#
#....# #.#


You could see an adder.

Vanquished Creatures
  An adder (D:2)
  2 dart slugs (D:2)
  2 ball pythons
  3 endoplasms (D:2)
  6 goblins
  2 hobgoblins
  2 kobolds
  7 bats
  4 frilled lizards
  5 rats
34 creatures vanquished.

Notes
Turn   | Place    | Note
-------+----------+-------------------------------------------
     0 | D:1      | terff the Human Fighter began the quest for the Orb.
     0 | D:1      | Reached XP level 1. HP: 18/18 MP: 1/1
   197 | D:1      | Reached XP level 2. HP: 22/24 MP: 2/2
   678 | D:2      | Found Hif Ugem's Assorted Antiques.
   736 | D:2      | Found Gielaf's Antique Armour Boutique.
   749 | D:2      | Reached XP level 3. HP: 18/29 MP: 3/3
   884 | D:2      | Found Ixkitug's Weapon Boutique.
   992 | D:2      | Found Dubu's Jewellery Boutique.
  1763 | D:2      | HP: 1/29 [poisoned by an adder]
  1772 | D:2      | Slain by an adder

Illustrated notes

Levels and vault maps discovered:
D:1:      saegor_arrival_simple_e, layout_loops_ring, minmay_misc_feat_hallway,
          chequers_serial_rivers_micro_b
D:2:      layout_basic, serial_shops, shop, nicolae_shop_bloodbath_and_beyond,
          shop, nicolae_square_shop, shop

Action                   || total
-------------------------++-------
Melee: Flail             ||   126
  Use: Scroll            ||     2
       Potion            ||     1
Armor: Scale mail        ||    11
       Chain mail        ||    95
Dodge: Dodged            ||    53
Block: Buckler           ||    38
